 Dungeon Crawl Stone Soup version 0.31.0-32-g396128a36d (webtiles) character file.

Game seed: 1473481783741169410

53 PaiMei the Gusty (level 3, 0/19 HPs)
             Began as a Tengu Air Elementalist on Mar 20, 2024.
             Slain by a quokka (2 damage)
             ... on level 2 of the Dungeon.
             The game lasted 00:02:57 (1820 turns).

PaiMei the Gusty (Tengu Air Elementalist)           Turns: 1820, Time: 00:02:57

Health: 0/19       AC:  3    Str:  8    XL:     3   Next: 89%
Magic:  1/7        EV: 12    Int: 17    God:
Gold:   80         SH:  0    Dex: 14    Spells: 5/6 levels left

rFire   . . .        f - +0 hand axe
rCold   . . .        (no shield)
rNeg    . . .        a - +0 robe
rPois   .            (helmet restricted)
rElec   .            (no cloak)
rCorr   .            c - +0 pair of gloves
SInv    .            (boots unavailable)
Will    .....        (no amulet)
Stlth   +            (no ring)
HPRegen 0.23/turn    (no ring)
MPRegen 0.10/turn

%: acrobat
@: on fire, glowing
A: beak, talons 3, acrobatic
a: no special abilities


You were on level 2 of the Dungeon.
You visited 1 branch of the dungeon, and saw 3 of its levels.

You collected 80 gold pieces.

Inventory:

Hand Weapons
 e - a +0 dagger
 f - a +0 hand axe (weapon)
Armour
 a - a +0 robe (worn)
 c - a +0 pair of gloves (worn)
 h - a +0 buckler
Wands
 i - a wand of polymorph (6)
Scrolls
 g - a scroll of fear {unknown}
 j - a scroll of revelation {unknown}
Potions
 b - 2 potions of magic
 d - a potion of attraction {unknown}


   Skills:
 + Level 2.8 Dodging
 + Level 2.5 Stealth
 + Level 2.3 Spellcasting
 + Level 2.4 Conjurations
 + Level 4.5 Air Magic


You had 5 spell levels left.
You knew the following spells:

 Your Spells              Type           Power      Damage    Failure   Level
a - Shock                 Conj/Air       52%        1d6       4%          1

Your spell library contained the following spells:

 Spells                   Type           Power      Damage    Failure   Level
 Static Discharge         Conj/Air       26%        3-5/arc   7%          2
 Swiftness                Air            17%        N/A       9%          3
 Airstrike                Air            8%         2d(2-18)  28%         4
 Dazzling Flash           Conj/Hex       12%        N/A       34%         3
 Volatile Blastmotes      Fire/Tloc      4%         2d10      50%         3
 Starburst                Conj/Fire      3%         6d3       100%        6
 Maxwell's Capacitive Co  Air            8%         ∞         100%        8


Dungeon Overview and Level Annotations

Branches:
Dungeon (3/15)

Altars:


Innate Abilities, Weirdness & Mutations

You have a beak for a mouth.
You have claws for feet.
You can magically evade attacks while moving or waiting.


Message History

The zap hits the gnoll.
The gnoll is moderately wounded.
A gnoll comes into view. It is wielding a +0 flail.
Casting: Shock (safe; 4% risk of failure)
Confirm with . or Enter, or press ? or * to list all spells.
Aiming: Shock (safe; 4% risk of failure)
Press: ? - help, Shift-Dir - straight line, f/p - gnoll
Aim: a gnoll, wielding a +0 flail (lightly wounded, 72% to hit)
The zap misses the gnoll.
The zap hits the gnoll.
The gnoll is severely wounded.
The bombardier beetle sprays incendiary fluid at you.
The burning spray hits you.
You are covered in liquid fire!
Casting: Shock (safe; 4% risk of failure)
Confirm with . or Enter, or press ? or * to list all spells.
Aiming: Shock (safe; 4% risk of failure)
Press: ? - help, Shift-Dir - straight line, f/p - gnoll
Aim: a gnoll, wielding a +0 flail (severely wounded, 72% to hit)
The zap hits the gnoll.
You kill the gnoll!
The liquid fire burns you! The quokka bites you. The liquid fire burns you!
The quokka bites you but does no damage.
You shake off some of the fire as you move.
You climb upwards.
The liquid fire burns you!
* * * LOW HITPOINT WARNING * * *
There is a stone staircase leading down here.
Casting: Shock (safe; 4% risk of failure)
Confirm with . or Enter, or press ? or * to list all spells.
Aiming: Shock (safe; 4% risk of failure)
Press: ? - help, Shift-Dir - straight line
Okay, then.
You hit the quokka but do no damage. You peck the quokka.
The quokka is heavily wounded.
The liquid fire burns you!
* * * LOW HITPOINT WARNING * * *
The quokka bites you.
You die...

..........##..###.....÷..........
##...##.........÷............#...
...#.....#.....##............####
.....##........##...........##...
........##..................#....
##.......#...............÷.......
..#..###.........................
..#..#####.....##................
..#...#######...@..#....##..#....
..#.#......#.....r..#.......##...
..#.#.............#.........#####
)..................####......####
..#................# #.........#
..##...............# ###..##.#.#
..##...............# #......>.
..##...............# #........
#####.............## #........


You could see a quokka.

Vanquished Creatures
  A gnoll (D:3)
  An orc (D:3)
  4 ball pythons (D:1)
  2 endoplasms
  2 giant cockroaches
  4 goblins
  2 hobgoblins (D:1)
  6 jackals (D:1)
  2 quokkas (D:1)
  6 bats
  5 frilled lizards
  2 kobolds
  3 rats (D:2)
40 creatures vanquished.

Notes
Turn   | Place    | Note
-------+----------+-------------------------------------------
     0 | D:1      | PaiMei the Tengu Air Elementalist began the quest for the
                  | Orb.
     0 | D:1      | Reached XP level 1. HP: 10/10 MP: 4/4
   358 | D:1      | Reached XP level 2. HP: 15/15 MP: 4/6
   900 | D:1      | Reached XP level 3. HP: 19/19 MP: 0/7
  1820 | D:2      | Slain by a quokka

Illustrated notes

Levels and vault maps discovered:
D:1:      reono_arrival_forest_river, layout_loops_corners
D:2:      layout_rooms, st_stairs_12
D:3:      layout_rooms, lemuel_round_altar,
          dreamdust_ecumenical_altar_angels_and_demons,
          hangedman_abyss_or_decor_lesser_grid, uniq_terence

Skill      XL: |  1  2 |
---------------+-------+-----
Conjurations   | 2 |  2.4
Dodging        | |  2.8
Stealth        | |  2.5
Spellcasting   | |  2.3
Air Magic      | |  4.5

Action                     || total
---------------------------++-------
  Melee: Unarmed           ||     4
         Peck              ||     3
         Dagger            ||     2
         Kick              ||     2
         Hand axe          ||     3
   Cast: Shock             ||    70
 Armour: Robe              ||     9
  Dodge: Dodged            ||    12
